Bacon, neutral female human Wizard --.-- |...-- -- |^*..-- ---- -- --.- --....| -.j--- -..-- -- ...|.--...-- ..@.f| --.....|.-- -.........| -............<..| |-..-..|.-- ---............-- |....0---- --- .--..........- |...--- --.-- --.......... |...| |...| ---...)...).- ---.--. --..| |...|..)...-| |...| --.-- ---.--|.[.....------.--- -----..-- --..[..).........)|....--- # ----.--....| |.[....|............--...-----.-----.........-| |.....---...........--...................^....| ---.--.---....*...........--.-----.........^.-- ---|..|--......------.-- 0 ---........>| |..| |.-- -- --.----.-- ---- - - Bacon the Conjurer Experience level: 5 Strength: 11 Dexterity: 13 Constitution: 15 Intelligence: 18 Wisdom: 9 Charisma: 10 Health: 0(37) Energy: 14(46) AC: 9 Gold: 623 Moves: 1899 Your Inventory: Coins $ - 623 gold pieces Weapons a - a blessed +1 quarterstaff (weapon in hands) s - an [uncursed +0] crude dagger [orcish] Armor b - an uncursed +0 cloak of magic resistance (being worn) r - an uncursed +0 Hawaiian shirt of dexterity (being worn) v - a cursed -3 studded leather armor (being worn) x - an [uncursed +0] hooded cloak [dwarvish] Comestibles p - 2 [uncursed] food rations Scrolls k - an uncursed scroll of scare monster A - an [uncursed] scroll of identify Spellbooks l - a blessed spellbook of force bolt m - an uncursed spellbook of light q - an uncursed spellbook of fireball Potions f - an uncursed potion of confusion g - an uncursed potion of oil h - an uncursed potion of healing Rings d - an uncursed ring of protection from shape changers e - an uncursed ring of invisibility w - an uncursed ring of shock resistance Wands c - an uncursed wand of secret door detection (0:7) Tools y - an [uncursed wax] candle Gems o - an uncursed worthless piece of yellow glass z - an uncursed worthless piece of orange glass B - an [uncursed] white gem [dilithium crystal] Spells known in the end: Name Level Category Fail Memory a - force bolt 1 attack 0% [||||||||] b - light 1 divination 0% [||||||||] Your skills at the end: Fighting Skills Weapon Skills quarterstaff [Basic / Expert] Spellcasting Skills attack spells [Basic / Expert] enchantment spells [Basic / Skilled] Final Attributes: You were devoutly aligned. Hunger level was 854. Your alignment was 18 / 19. Monster difficulty range was 0 - 5. Level difficulty was 5. You were magic-protected. Your luck was zero. You are dead. Vanquished creatures: a little dog 2 floating eyes a kitten 4 dwarves 2 dwarf zombies a gas spore a yellow mold a green mold 7 gnomes a gecko 3 jackals a fox a kobold a goblin 2 sewer rats a grid bug 4 lichens 2 kobold zombies a newt 37 creatures vanquished. Voluntary challenges: You were an atheist. You used a wielded weapon 19 times. You read items or engraved 2 times. You put on armor 4 times. You never genocided any monsters. You never polymorphed an object. You never changed form. You used no wishes. You never wrote Elbereth's name. You never encountered a bones level. You never used any Sokoban shortcuts. Dungeon overview: The Dungeons of Doom: levels 1 to 4 Level 1 a long staircase Level 2 a general store Level 3 a fountain Level 4 a potion shop stairs to The Gnomish Mines The Gnomish Mines: Level 5 <- You were here stairs to The Dungeons of Doom History has recorded: On T:1 you entered the Dungeons of Doom to retrieve the Amulet of Yendor! On T:286 you advanced to experience level 2. On T:371 you reached level 2 of The Dungeons of Doom. On T:647 you advanced to experience level 3. On T:694 you reached level 3 of The Dungeons of Doom. On T:930 you advanced to experience level 4. On T:1108 you reached level 4 of The Dungeons of Doom. On T:1508 you reached level 1 of The Gnomish Mines. On T:1526 you advanced to experience level 5. Latest messages: A lit field surrounds you! [HP+1=33] A gush of water hits you! Your cloak is not affected. [HP+1=34] Puss seems disoriented. [HP+1=35] [HP+1=36] [HP+1=37] You displaced Puss. You see here 51 rocks. B - a white gem. Puss picks up a pair of hard shoes. A lit field surrounds you! You hit the blue jelly! You miss the blue jelly. You are suddenly very cold! [HP-18=19] You hit the blue jelly! You are suddenly very cold! You die... Final status: Goodbye Bacon the Wizard... You died in The Gnomish Mines on dungeon level 5 with 1409 points, and 623 pieces of gold, after 1899 moves. You were level 5 with a maximum of 37 hit points when you died.